 Dungeon Crawl Stone Soup version 0.30.0-12-gd5a94ecb5d (webtiles) character file.

Game seed: 10330688585965899335

17084 MacCMillion the Marksspriggan (level 12, -2/64 HPs)
             Began as a Spriggan Hunter on May 17, 2023.
             Was a High Priest of Dithmenos.
             Slain by a skyshark (10 damage)
             ... on level 1 of the Lair of Beasts.
             The game lasted 00:26:28 (17743 turns).

MacCMillion the Marksspriggan (Spriggan Hunter)    Turns: 17743, Time: 00:26:29

Health: -2/64      AC:  4    Str:  7    XL:     12   Next: 15%
Magic:  13/13      EV: 28    Int: 10    God:    Dithmenos [*****.]
Gold:   685        SH:  0    Dex: 24    Spells: 11/11 levels left

rFire   + . .        H - +0 arbalest
rCold   + . .        (shield currently unavailable)
rNeg    . . .        E - +0 troll leather armour
rPois   .            (helmet restricted)
rElec   .            (no cloak)
rCorr   .            (gloves unavailable)
SInv    +            (boots unavailable)
Will    ++...        z - amulet of regeneration
Stlth   +++++        i - ring of protection from fire
HPRegen 1.90/turn    r - ring of protection from cold
MPRegen 0.13/turn

%: no passive effects
@: wreathed by umbra, very quick
A: very small, no large weapons, unfitting armour, see invisible, speed 3
a: Renounce Religion, Shadow Step, Shadow Form


You were on level 1 of the Lair of Beasts.
You worshipped Dithmenos.
Dithmenos was extremely pleased with you.
You visited 3 branches of the dungeon, and saw 13 of its levels.
You also visited: Ossuary.

You collected 685 gold pieces.

Inventory:

Hand Weapons
 a - a +0 shortbow
 H - a +0 arbalest (weapon)
 I - a +0 long sword
Armour
 y - a +2 robe of positive energy
 E - a +0 troll leather armour (worn)
 G - +0 swamp dragon scales
Jewellery
 i - a ring of protection from fire (left hand)
 r - a ring of protection from cold (right hand)
 u - a ring of magical power
 w - a ring of protection from cold
 z - an amulet of regeneration (around neck)
 D - a ring of ice
 O - an amulet of faith
Wands
 m - a wand of paralysis (24)
 F - a wand of flame (11)
 K - a wand of polymorph (12)
Scrolls
 b - 3 scrolls of immolation
 j - a scroll of enchant weapon
 k - 4 scrolls of teleportation
 l - 2 scrolls of poison {unknown}
 n - 2 scrolls of vulnerability {unknown}
 o - 2 scrolls of enchant armour {unknown}
 t - a scroll of silence {unknown}
 v - 2 scrolls of amnesia {unknown}
 B - a scroll of noise {unknown}
 C - 2 scrolls of fog {unknown}
 J - 9 scrolls of identify
 L - a scroll of fear {unknown}
 M - 2 scrolls of magic mapping {unknown}
 N - a scroll of blinking {unknown}
Potions
 c - 3 potions of lignification {unknown}
 d - 9 potions of curing
 e - 2 potions of flight {unknown}
 f - 4 potions of haste {unknown}
 g - 3 potions of mutation
 h - 4 potions of heal wounds {unknown}
 p - 2 potions of cancellation {unknown}
 q - 4 potions of degeneration {unknown}
 s - 2 potions of brilliance {unknown}
 x - a potion of magic {unknown}
 A - a potion of attraction {unknown}


   Skills:
 + Level 7.7 Fighting
 * Level 15.7 Ranged Weapons
 + Level 11.9 Dodging
 - Level 4.0 Stealth


You had 11 spell levels left.
You didn't know any spells.
Your spell library contained the following spells:

 Spells                   Type           Power      Damage    Failure   Level
 Slow                     Hex            0%         N/A       50%         1
 Blink                    Tloc           0%         N/A       65%         2
 Ensorcelled Hibernation  Hex/Ice        0%         N/A       65%         2
 Lesser Beckoning         Tloc           0%         N/A       65%         2
 Momentum Strike          Conj/Tloc      0%         3d8       65%         2
 Scorch                   Fire           0%         2d5       65%         2
 Static Discharge         Conj/Air       0%         2-2/arc   65%         2
 Sublimation of Blood     Necr           0%         N/A       65%         2
 Wereblood                Tmut           0%         N/A       65%         2
 Confusing Touch          Hex            0%         N/A       86%         3
 Gell's Gravitas          Tloc           0%         N/A       86%         3
 Inner Flame              Hex/Fire       0%         N/A       86%         3
 Ozocubu's Armour         Ice            0%         N/A       86%         3
 Spider Form              Tmut/Pois      0%         N/A       86%         3
 Teleport Other           Tloc           0%         N/A       86%         3
 Vampiric Draining        Necr           0%         2d6       86%         3
 Vhi's Electric Charge    Tloc/Air       0%         N/A       86%         3
 Airstrike                Air            0%         2d(0-16)  99%         4
 Anguish                  Hex/Necr       0%         N/A       99%         4
 Animate Dead             Necr           0%         N/A       99%         4
 Flame Wave               Conj/Fire      0%         2d4       99%         4
 Manifold Assault         Tloc           0%         N/A       99%         4
 Summon Lightning Spire   Summ/Air       0%         N/A       99%         4
 Arcjolt                  Conj/Air       0%         1d10      100%        5
 Metabolic Englaciation   Hex/Ice        0%         N/A       100%        5
 Silence                  Hex/Air        0%         N/A       100%        5
 Yara's Violent Unravell  Hex/Tmut       0%         3d3       100%        5
 Dispersal                Tloc           0%         N/A       100%        6
 Simulacrum               Ice/Necr       0%         N/A       100%        6
 Summon Cactus Giant      Summ           0%         N/A       100%        6
 Enfeeble                 Hex            0%         N/A       100%        7
 Haunt                    Necr/Summ      0%         N/A       100%        7
 Storm Form               Tmut/Air       0%         N/A       100%        7
 Summon Hydra             Summ           0%         N/A       100%        7
 Infestation              Necr           0%         N/A       100%        8
 Maxwell's Capacitive Co  Air            0%         ∞         100%        8


Dungeon Overview and Level Annotations

Branches:
Dungeon (11/15)            Temple (1/1) D:5            Lair (1/5) D:8
    Orc (0/2) D:10        Ossuary (visited)

Altars:
Ashenzari
Cheibriados
Dithmenos
Elyvilon
Fedhas
Gozag
Hepliaklqana
Kikubaaqudgha
Makhleb
Nemelex Xobeh
Okawaru
Qazlal
Ru
Sif Muna
Trog
Uskayaw
Vehumet
Wu Jian
Xom
Yredelemnul
Zin
The Shining One

Shops:
D:3 [   D:5 *   D:11 =

Annotations:
D:4 exclusion: kobold, Dowan, Duvessa
D:6 Grinder


Innate Abilities, Weirdness & Mutations

You are very small and have problems with some larger weapons.
You are too small for most types of armour.
You have supernaturally acute eyesight. (SInv)
You cover ground extremely quickly. (Speed+++)


Message History

You shoot a bolt. The bolt closely misses the wolf.
The wolf barely misses you.
The wolf stops to sniff the ground.
The wolf closely misses you. The skyshark bites you!
The skyshark enters a blood-rage!
The skyshark completely misses you. x2
Fire: H) +0 arbalest
Press: ? - help, Q - select action, (/) - cycle Shift-Dir - straight line, f/p - wolf
Aim: a wolf (almost dead, umbra, 56% to hit)
You shoot a bolt. The bolt hits the wolf.
The wolf is almost dead.
The wolf misses you. The skyshark closely misses you.
The skyshark completely misses you. The skyshark tail-slaps you.
The wolf completely misses you. The skyshark misses you.
The skyshark completely misses you. The skyshark misses you.
The wolf misses you.
Unknown command.
The skyshark attacks as you move away! The skyshark completely misses you.
The skyshark barely misses you. The skyshark tail-slaps you!
The skyshark attacks as you move away! The skyshark misses you.
The skyshark completely misses you. The skyshark tail-slaps you!
The skyshark bites you!
* * * LOW HITPOINT WARNING * * *
The skyshark tail-slaps you!
* * * LOW HITPOINT WARNING * * *
The skyshark completely misses you. The wolf completely misses you.
Okay, then.
Okay, then.
The wolf attacks as you move away! The wolf completely misses you.
The skyshark attacks as you move away! The skyshark closely misses you.
The skyshark tail-slaps you.
* * * LOW HITPOINT WARNING * * *
The skyshark completely misses you. The wolf attacks as you move away!
The wolf closely misses you. The skyshark attacks as you move away!
The skyshark misses you. The skyshark completely misses you.
The skyshark misses you. The skyshark misses you. x3
The skyshark attacks as you move away! The skyshark misses you.
The skyshark tail-slaps you!
You die...

...................##
....................##
.....................###
.......................#
P.........#.#...........
#P.......#h####.........
#........## ###.......
#......l.## ##......
#.....@...# #P.....
#........## ###....
##.......P# .. ##...
#........## #.... ##.. ..
##.......# )..... ##.
.......#.#.....##
##....... #.
........#......#
##........ ##
.......##.....###........
#
#.(.....................
#


You could see a skyshark (berserk) and a wolf.

Vanquished Creatures
  A boulder beetle (D:11)
  Erica (D:10)
  2 two-headed ogres
  An ugly thing (D:11)
  A cyclops (D:8)
  A cane toad (Lair:1)
  Maggie (D:8)
  Psyche (D:8)
  3 komodo dragons
  A troll (D:8)
  Prince Ribbit (D:8)
  3 wyverns
  8 yaks
  3 humans (D:10)
  2 steam dragons
  A warg (D:10)
  2 acid dragons (D:9)
  2 water moccasins
  9 orc warriors
  An ice beast (D:7)
  2 sky beasts
  2 black bears (D:6)
  28 wolves
  6 ogres
  3 phantoms
  4 centaurs
  5 kobold brigands
  5 water moccasin zombies (Ossuary)
  3 bullfrogs
  5 gnoll sergeants
  4 scorpions
  8 wights
  10 killer bees
  10 howler monkeys
  3 electric eels (D:8)
  A jelly (D:4)
  11 hounds
  15 orc priests
  5 gnoll boudas
  2 iguanas
  2 sleepcaps (D:4)
  14 orc wizards
  3 mummies
  26 gnolls
  7 adders
  2 shadow imps
  A white imp (D:6)
  4 adder zombies (Ossuary)
  2 dart slugs (D:4)
  4 worms
  42 orcs
  2 endoplasms
  6 giant cockroaches
  3 gnoll zombies (Ossuary)
  10 goblins
  4 hobgoblins
  10 jackals
  2 quokkas
  3 ball pythons
  6 bats
  A frilled lizard (D:3)
  6 hobgoblin zombies (Ossuary)
  21 kobolds
  7 kobold zombies
  3 orc zombies (Ossuary)
  3 rats
371 creatures vanquished.

Vanquished Creatures (others)
  A gnoll (D:8)
1 creature vanquished.

Grand Total: 372 creatures vanquished

Notes
Turn   | Place    | Note
-------+----------+-------------------------------------------
     0 | D:1      | MacCMillion the Spriggan Hunter began the quest for the
                  | Orb.
     0 | D:1      | Reached XP level 1. HP: 10/10 MP: 2/2
   166 | D:1      | Reached XP level 2. HP: 12/14 MP: 3/3
   190 | D:1      | You fall into a shaft and drop 1 floor!
   583 | D:2      | Reached XP level 3. HP: 18/18 MP: 4/4
   670 | D:2      | Found a blossoming altar of Fedhas.
   720 | D:2      | Reached skill level 5 in Ranged Weapons
   720 | D:2      | Reached XP level 4. HP: 22/22 MP: 5/5
  1650 | D:3      | Noticed a golden eye
  1653 | D:3      | Found a faded altar of an unknown god.
  1764 | D:3      | Noticed an eye of devastation
  1767 | D:3      | Noticed a great orb of eyes
  1767 | D:3      | Noticed a golden eye
  2116 | D:3      | Found Dahug's Armour Shop.
  2289 | D:4      | Found a broken altar of Ashenzari.
  2302 | D:4      | Noticed a phantom
  2331 | D:4      | Noticed Duvessa
  2331 | D:4      | Noticed Dowan
  2346 | D:4      | Reached XP level 5. HP: 25/25 MP: 6/6
  2355 | D:4      | Found an opulent altar of Gozag.
  2382 | D:4      | Reached skill level 6 in Ranged Weapons
  2441 | D:4      | Noticed a sky beast
  2449 | D:4      | Killed a sky beast
  2450 | D:4      | Reached XP level 6. HP: 19/30 MP: 7/7
  2537 | D:4      | Reached skill level 7 in Ranged Weapons
  2912 | D:4      | Reached skill level 8 in Ranged Weapons
  3088 | D:5      | Entered Level 5 of the Dungeon
  3134 | D:5      | Found Mikk's CLEARANCE SALE!.
  3154 | D:5      | Reached XP level 7. HP: 33/33 MP: 8/8
  3693 | D:5      | Found a staircase to the Ecumenical Temple.
  4133 | D:5      | Reached skill level 9 in Ranged Weapons
  4540 | Temple   | Entered the Ecumenical Temple
  4754 | Temple   | Became a worshipper of Dithmenos the Shadowed
  5114 | D:6      | Noticed Grinder
  5295 | D:6      | Reached skill level 10 in Ranged Weapons
  5295 | D:6      | Reached XP level 8. HP: 35/37 MP: 9/9
  6410 | D:6      | Reached * piety under Dithmenos
  6632 | D:7      | Got the Dissertation on the Gift and Malisons
  6668 | D:7      | Found a sand-covered staircase.
  6748 | Ossuary  | Entered an ossuary
  7049 | Ossuary  | Reached skill level 5 in Dodging
  7090 | Ossuary  | Reached skill level 11 in Ranged Weapons
  7149 | Ossuary  | Reached ** piety under Dithmenos
  7260 | D:7      | Reached XP level 9. HP: 44/44 MP: 10/10
  8105 | D:8      | Noticed Maggie
  8999 | D:8      | Reached skill level 12 in Ranged Weapons
  9126 | D:8      | Noticed a troll
  9162 | D:8      | Killed a troll
  9252 | D:8      | Found a staircase to the Lair.
  9352 | D:8      | Reached *** piety under Dithmenos
  9461 | D:8      | Reached XP level 10. HP: 35/51 MP: 11/11
  9576 | D:8      | Reached skill level 5 in Fighting
  9735 | D:8      | Noticed Psyche
  9841 | D:8      | Noticed Prince Ribbit
  9849 | D:8      | Killed Prince Ribbit
  9881 | D:8      | Killed Maggie
  9934 | D:8      | Reached skill level 13 in Ranged Weapons
 10426 | D:8      | Reached **** piety under Dithmenos
 10501 | D:8      | Killed Psyche
 10553 | D:8      | Noticed a cyclops
 11578 | D:8      | Killed a cyclops
 11679 | D:8      | Found a staircase to the Lair.
 12535 | D:9      | Reached XP level 11. HP: 56/56 MP: 12/12
 12552 | D:9      | Reached skill level 14 in Ranged Weapons
 12893 | D:9      | Reached skill level 10 in Dodging
 13303 | D:10     | Entered Level 10 of the Dungeon
 13463 | D:10     | Reached ***** piety under Dithmenos
 13504 | D:10     | Noticed Erica
 13543 | D:10     | Killed Erica
 13746 | D:10     | Found an iron altar of Okawaru.
 13919 | D:10     | Noticed a two-headed ogre
 13938 | D:10     | Killed a two-headed ogre
 14101 | D:10     | Found a staircase to the Orcish Mines.
 14554 | D:11     | Noticed a white ugly thing
 14634 | D:11     | Found Itsat's Jewellery Boutique.
 14874 | D:11     | Noticed a boulder beetle
 15135 | D:11     | Noticed a two-headed ogre
 15151 | D:11     | Killed a two-headed ogre
 15152 | D:11     | Reached skill level 15 in Ranged Weapons
 15611 | D:11     | Killed a boulder beetle
 15848 | D:11     | Killed a white ugly thing
 16188 | D:8      | Found a staircase to the Lair.
 16543 | Lair:1   | Entered Level 1 of the Lair of Beasts
 16808 | D:8      | Reached XP level 12. HP: 51/63 MP: 13/13
 17734 | Lair:1   | HP: 3/64 [skyshark (12)]
 17743 | Lair:1   | Slain by a skyshark

Illustrated notes

Levels and vault maps discovered:
D:1:      scummos_arrival_forest, layout_basic, chequers_serial_rivers_marsh,
          minmay_splitting_lines, minivault_23
D:2:      layout_loops_cross, basic_altar, minmay_pentomino_v4
D:3:      layout_basic, serial_shops, nicolae_lakefront_shop,
          hellmonk_ecumenical_altar_watching_god, serial_bayou_pond_a
D:4:      layout_basic, mainiacjoe_overflow_catch_the_wave, uniq_duvessa
D:5:      layout_basic, minmay_temple_entry_metal_lava, hex_large,
          nicolae_shop_clearance
D:6:      layout_gridville, uniq_grinder
D:7:      layout_loops_ring, nicolae_ossuary_entry_giza, enter_bailey_5
D:8:      lemuel_castle_with_subvaults [lemuel_castle_interior_carwin_3],
          layout_loops_ring, erik_lair_island, uniq_maggie, uniq_psyche,
          uniq_prince_ribbit1
D:9:      layout_rooms
D:10:     layout_grid_maze, okawaru_humans, erik_orc_4, uniq_erica
D:11:     layout_stronghold, serial_shops, shop_fountains
Temple:   compressed_dpeg_triangle_lava_temple
Lair:1:   layout_hall_layers, grunt_forest_large_clearings

Skill      XL: |  1  2  3  4  5  6  7  8  9 10 11 |
---------------+----------------------------------+-----
Stealth        | 2 3 4 |  4.0
Ranged Weapons | 5 6 8 10 11 12 13 15 | 15.7
Dodging        | 5 7 9 11 | 11.9
Fighting       | 3 4 6 7 |  7.7

Action                     |  1- 3 |  4- 6 |  7- 9 | 10-12 || total
---------------------------+-------+-------+-------+-------++-------
   Fire: Shortbow          |    65 |   181 |   603 |  1033 ||  1882
         Arbalest          |       |       |       |    12 ||    12
    Use: Scroll            |       |       |     5 |     1 ||     6
 Armour: Robe              |     3 |     9 |    11 |       ||    23
         Troll leather arm |       |       |     2 |    18 ||    20
  Dodge: Dodged            |    32 |    55 |   218 |   613 ||   918
